 Dungeon Crawl Stone Soup version 0.18.1-8-gdd0e5ea (webtiles) character file.

366 Quirk the Covert (level 6, -7/32 HPs)
             Began as a Spriggan Assassin on May 24, 2016.
             Killed by divine providence
             ... invoked by an orc priest
              (9 damage)
             ... on level 3 of the Dungeon.
             The game lasted 00:08:01 (3624 turns).

Quirk the Covert (Spriggan Assassin)                Turns: 3624, Time: 00:08:02

Health: -7/32      AC:  3    Str:  7    XL:     6   Next: 40%
Magic:  7/7        EV: 27    Int: 18    God:
Gold:   160        SH:  0    Dex: 19    Spells: 0 memorised, 5 levels left

rFire  x . .     SeeInvis +     a - +2 dagger
rCold  + . .     Gourm    .     c - +0 robe
rNeg   . . .     Faith    .     (shield restricted)
rPois  .         Spirit   .     (helmet restricted)
rElec  .         Dismiss  .     d - +0 cloak
rCorr  .         Reflect  .     (gloves unavailable)
SustAt .         Harm     .     (boots unavailable)
MR     +....                    (no amulet)
Stlth  +++++.....               y - ring of ice
                                p - +6 ring of evasion

@: brilliant, very quick, somewhat resistant to hostile enchantments, quite
stealthy
A: unfitting armour, see invisible, herbivore 3, speed 3, slow metabolism 2
a: no special abilities


You were on level 3 of the Dungeon.
You were very hungry.

You visited 1 branch of the dungeon, and saw 4 of its levels.

You collected 160 gold pieces.

Inventory:

Hand Weapons
 a - a +2 dagger (weapon)
 b - a +0 blowgun
Missiles
 e - 30 poisoned needles
 f - 2 curare-tipped needles
Armour
 c - a +0 robe (worn)
 d - a +0 cloak (worn)
Jewellery
 p - a +6 ring of evasion (left hand)
 y - a ring of ice (right hand)
Wands
 A - a wand of flame (3/48)
Scrolls
 h - 2 scrolls of amnesia {unknown}
 i - 5 scrolls of identify {unknown}
 j - a scroll of noise {unknown}
 k - 3 scrolls of random uselessness {unknown}
 l - a scroll of recharging {unknown}
 m - a scroll of teleportation {unknown}
 o - a scroll of enchant weapon {unknown}
 t - 3 scrolls of blinking {unknown}
 v - a scroll of magic mapping {unknown}
Potions
 x - a potion of degeneration {unknown}
 z - a potion of invisibility {unknown}
Comestibles
 g - 3 bread rations
 n - 2 slices of pizza
 r - 2 fruits


   Skills:
 + Level 2.7 Fighting
 * Level 4.0 Short Blades
 - Level 2.0 Throwing
 * Level 5.3 Dodging
 * Level 8.0 Stealth


You had 5 spell levels left.
You didn't know any spells.

Dungeon Overview and Level Annotations

Branches:
Dungeon (4/15)
 Temple: D:4-7

Altars:
Fedhas
Vehumet
Yredelemnul

Annotations:
D:4 Jerry's ghost, amateur MiGl


Innate Abilities, Weirdness & Mutations

You are tiny and cannot use many weapons and most armour.
You have supernaturally acute eyesight.
You are a herbivore.
You cover ground extremely quickly.
You need consume almost no food.


Message History

The orc priest is severely wounded.
The orc priest closely misses you.
You hit the orc priest but do no damage.
The orc priest is severely wounded.
You completely miss the orc priest.
The orc priest is severely wounded.
The orc priest mumbles some strange prayers to Beogh against you.
Pain shoots through your body!
* * * LOW HITPOINT WARNING * * *
You hit the orc priest but do no damage.
The orc priest is severely wounded.
The orc priest hits you with a flail.
* * * LOW HITPOINT WARNING * * *
You hit the orc priest.
The orc priest is severely wounded.
You hit the orc priest but do no damage.
The orc priest is severely wounded.
The orc priest mumbles some strange prayers to Beogh against you.
Beogh smites you!
You die...

##.#####.#..'.....
#........####'###'
#...........#†.#..
#.#########.#..'†.
#.# #.###### #.#
##.....# #.#
#.##### #)# #.#
##.
#@##########.###.#
#[o...........#.##
############...##
#..## #...##
#..#.## #..##.#
#..###. #...(..


You could see an orc priest.

Vanquished Creatures
  An ogre (D:3)
  A howler monkey (D:3)
  2 orc priests (D:3)
  10 adders
  2 oozes (D:3)
  An adder zombie (D:1)
  2 worms (D:2)
  4 dart slugs
  2 giant geckos
  7 orcs
  6 ball pythons
  7 bats
  A bat zombie (D:1)
  4 giant cockroaches
  6 goblins
  4 hobgoblins
  3 giant newts
  7 kobolds
  7 rats
77 creatures vanquished.

Notes
Turn   | Place    | Note
--------------------------------------------------------------
     0 | D:1      | Quirk the Spriggan Assassin began the quest for the Orb.
     0 | D:1      | Reached XP level 1. HP: 10/10 MP: 2/2
   161 | D:1      | Reached XP level 2. HP: 13/15 MP: 3/3
   199 | D:1      | Reached skill level 6 in Stealth
   937 | D:2      | Reached XP level 3. HP: 18/18 MP: 4/4
  1080 | D:2      | Found a basalt altar of Yredelemnul.
  1963 | D:3      | Found a blossoming altar of Fedhas.
  2025 | D:3      | Reached XP level 4. HP: 10/23 MP: 5/5
  2529 | D:3      | Reached skill level 7 in Stealth
  2639 | D:3      | Reached XP level 5. HP: 20/26 MP: 6/6
  2895 | D:4      | Found a radiant altar of Vehumet.
  3125 | D:4      | Noticed Jerry's ghost (amateur MiGl)
  3160 | D:4      | Noticed an ogre
  3185 | D:3      | Killed an ogre
  3185 | D:3      | Reached XP level 6. HP: 32/32 MP: 7/7
  3245 | D:3      | HP: 1/32 [orc priest/flail (8)]
  3248 | D:3      | Reached skill level 5 in Dodging
  3250 | D:3      | Reached skill level 8 in Stealth
  3624 | D:3      | Killed from afar by an orc priest

Skill      XL: |  1  2  3  4  5  6 |
---------------+-------------------+-----
Dodging        | 2 4 5 |  5.3
Stealth        | 6 7 8 |  8.0
Fighting       | 2 |  2.7
Short Blades   | 3 4 |  4.0
Throwing       | |  2.0

Action                   |  1- 3 |  4- 6 || total
-------------------------+-------+-------++-------
Melee: Dagger            |   106 |   175 ||   281
Evoke: Wand              |       |     1 ||     1
  Use: Potion            |     1 |     4 ||     5
 Stab: Sleeping          |    20 |    17 ||    37
Armor: Robe              |    12 |    13 ||    25
Dodge: Dodged            |    71 |   151 ||   222
